 Dungeon Crawl Stone Soup version 0.30-a0-134-gb40fab5c76 (webtiles) character file.

Game seed: 1398318960775064920

2727 NinjaNoafa the Arsonist (level 9, -1/96 HPs)
             Began as a Pale Draconian Fire Elementalist on Sept 19, 2022.
             Was a Follower of Sif Muna.
             Succumbed to a killer bee's poison
             ... on level 7 of the Dungeon.
             The game lasted 00:19:51 (7408 turns).

NinjaNoafa the Arsonist (DrFE)                      Turns: 7408, Time: 00:19:51

Health: -1/96      AC: 24    Str: 12    XL:     9   Next: 40%
Magic:  11/16      EV:  2    Int: 29    God:    Sif Muna [*.....]
Gold:   360        SH: 10    Dex: 18    Spells: 5/18 levels left

rFire   . . .      SeeInvis .    h - +3 sling of the Building Gods {flame, *Corrode Int+10 Dex+5}
rCold   + . .      Faith    .    e - +4 buckler of Truth {+Inv Str+2 Stlth+}
rNeg    + . .      Spirit   .    (body armour unavailable)
rPois   +          Reflect  .    (helmet currently unavailable)
rElec   .          Harm     .    (cloak currently unavailable)
rCorr   .          Rampage  .    (gloves currently unavailable)
Will    .....      NoTele   +    (boots currently unavailable)
Stlth   +++.......               A - amulet of magic regeneration
HPRegen 0.26/turn                u - ring of protection from cold
MPRegen 0.55/turn                x - ring of positive energy

@: lethally poisoned (-1 -> -8), short of breath, tree-form
A: stationary, stasis, torment immunity, boosted hp, (breathe steam), AC +7,
unfitting armour, (cold-blooded), (steam resistance), mutation resistance 1,
MP-powered wands
a: Renounce Religion, Evoke Invisibility, Channel Magic


You were on level 7 of the Dungeon.
You worshipped Sif Muna.
Sif Muna was aware of your devotion.
You were a tree.
You visited 2 branches of the dungeon, and saw 9 of its levels.
You also visited: Sewer.

You collected 360 gold pieces.

Inventory:

Hand Weapons
 h - the +3 sling of the Building Gods (weapon) {flame, *Corrode Int+10 Dex+5}
   (You took it off a hobgoblin on level 2 of the Dungeon)

   Any ammunition fired from it burns those it strikes, dealing additional fire
   damage.
   Int:       It affects your intelligence (+10).
   Dex:       It affects your dexterity (+5).
   *Corrode:  It may corrode you when you take damage.
Missiles
 d - 47 stones
 g - a boomerang of dispersal
Armour
 b - a +2 pair of gloves (melded)
 e - the +4 buckler of Truth (worn) {+Inv Str+2 Stlth+}
   (You acquired it on level 3 of the Dungeon)

   Str:       It affects your strength (+2).
   +Inv:      It lets you turn invisible.
   Stlth:     It makes you more stealthy.
 t - a +0 cloak (melded)
Jewellery
 n - a ring of protection from cold
 u - a ring of protection from cold (left branch)
 w - a ring of ice
 x - a ring of positive energy (right branch)
 A - an amulet of magic regeneration (around neck)
Wands
 c - a wand of light (22)
 r - a wand of flame (19)
 s - a wand of polymorph (6)
 y - a wand of charming (23)
 B - a wand of digging (5)
Scrolls
 f - a scroll of immolation
 i - 3 scrolls of noise
 j - 3 scrolls of fear
 l - 2 scrolls of blinking
 m - 4 scrolls of teleportation
 v - a scroll of amnesia
 z - a scroll of identify
Potions
 a - a potion of flight
 k - a potion of haste
 o - a potion of attraction
 p - a potion of cancellation


   Skills:
 + Level 1.0 Fighting
 - Level 5.0 Ranged Weapons
 - Level 3.0 Dodging
 - Level 3.0 Stealth
 - Level 5.6 Shields
 - Level 5.0 Spellcasting
 - Level 5.8 Conjurations
 - Level 3.0 Hexes
 - Level 3.0 Translocations
 - Level 8.9 Fire Magic
 - Level 3.0 Air Magic
 - Level 3.0 Evocations


You had 5 spell levels left.
You knew the following spells:

 Your Spells              Type           Power      Damage    Failure   Level
a - Foxfire               Conj/Fire      100%       2x1d9     1%          1
b - Scorch                Fire           100%       2d10      1%          2
c - Inner Flame           Hex/Fire       41%        N/A       1%          3
d - Flame Wave            Conj/Fire      50%        2d12      3%          4
e - Kindle Blastsparks    Fire/Tloc/Air  72%        2d16      3%          3

Your spell library contained the following spells:

 Spells                   Type           Power      Damage    Failure   Level
 Poisonous Vapours        Pois/Air       30%        N/A       6%          2
 Summon Small Mammal      Summ           28%        N/A       8%          1
 Cigotuvi's Dreadful Rot  Necr/Pois/Air  26%        N/A       8%          2
 Summon Guardian Golem    Hex/Summ       15%        N/A       13%         3
 Cause Fear               Hex            12%        N/A       22%         4
 Call Canine Familiar     Summ           7%         N/A       24%         3
 Dragon Form              Tmut           3%         N/A       100%        7
 Dragon's Call            Summ           3%         N/A       100%        9


Dungeon Overview and Level Annotations

Branches:
Dungeon (8/15)             Temple (1/1) D:6           Sewer (visited)
   Lair: D:8-11

Altars:
Ashenzari
Cheibriados
Dithmenos
Elyvilon
Fedhas
Hepliaklqana
Kikubaaqudgha
Nemelex Xobeh
Okawaru
Qazlal
Ru
Sif Muna
Uskayaw
Wu Jian
Xom
Yredelemnul
The Shining One

Shops:
D:1 =   D:5 *   D:6 :((


Innate Abilities, Weirdness & Mutations

You are a tree.
Your roots penetrate the ground, keeping you stationary.
You cannot be teleported.
You are immune to unholy pain and torment.
Your maximum health is greatly increased.
Your equipment is partially melded.
((You can breathe blasts of scalding, opaque steam.))
((Your pale cyan-grey scales are hard. (AC +7)))
You cannot fit into any form of body armour.
((You are cold-blooded and may be slowed by cold attacks.))
((You are immune to the effects of steam.))
You are somewhat resistant to further mutation.
You expend magic power (3 MP) to strengthen your wands.


Message History

The killer bee stings you.
You are more poisoned.
The killer bee poisons you!
Aiming: Breathe Steam (1% risk of failure)
Press: ? - help, Shift-Dir - straight line, f/p - killer bee
Aim: a killer bee (almost dead, inner flame, 43% to hit)
You exhale a blast of scalding steam.
The ball of steam hits the killer bee.
Sif Muna accepts your kill.
The killer bee explodes!
The fiery explosion engulfs you!!
The fiery explosion engulfs the killer bee!!
You kill the killer bee!
Sif Muna accepts your kill.
You are engulfed in blazing flames.
* * * LOW HITPOINT WARNING * * *
x2 You feel very sick.
You hear a shout!
The killer bee barely misses you. You block the killer bee's attack.
You hear a shout! x2
Training target 3.0 for Hexes reached!
Your Hexes skill increases to level 3!
You need to enable at least one skill for training.
Your Fighting skill increases to level 1!
* * * LOW HITPOINT WARNING * * *
You feel very sick.
Okay, then.
Really quaff the potion of lignification?
You turn into a tree.
Your +0 cloak melds into your body.
Your +2 pair of gloves melds into your body.
Your roots penetrate the ground.
* * * LOW HITPOINT WARNING * * *
You feel sick.
The killer bee stings you but does no damage.
You block the killer bee's attack.
Casting: Inner Flame (safe; 1% risk of failure)
Confirm with . or Enter, or press ? or * to list all spells.
Flames lash the killer bee.
The killer bee is almost dead.
The killer bee's fire resistance burns away.
You die...

#...)..##.########...########
##.....##.# ###.###
##.....###### ##...######
#...#.##?).# #......[..#
#......#.#$# #....####..
##..††#.#''§### #....##....
#....†.....§§.# #....##....
#...#'''#.#§### #....##....
#.#.#.#.#.y♣# #....##....
#.#.#..[##.## #....##....
#.#.######..######....##....
#.#.# ##...........##[###
#.#.# #...........##.###
#.#.. #........#####..##
#........####..#.≈
#........##...#~≈≈
#........#....≈≈≈#


You could see a killer bee (combustible).

Vanquished Creatures
  A wyvern (D:6)
  A steam dragon (D:7)
  Duvessa (D:7)
  2 water moccasins (D:7)
  An ice beast (D:7)
  3 ogres
  A centaur (D:7)
  3 necrophages
  4 scorpions
  Dowan (D:7)
  6 killer bees (D:7)
  2 electric eels (D:7)
  3 howler monkeys
  A hound (D:5)
  A gnoll bouda (D:7)
  3 jellies
  A hell rat (Sewer)
  5 iguanas
  2 orc wizards (D:4)
  A gnoll (D:7)
  3 adders
  3 river rats (Sewer)
  A shadow imp (D:6)
  An ufetubus (D:6)
  A worm (D:2)
  8 dart slugs (D:7)
  4 orcs
  9 endoplasms
  15 giant cockroaches
  7 goblins
  4 hobgoblins
  6 jackals (D:1)
  3 quokkas
  7 ball pythons
  2 bats (D:1)
  6 frilled lizards
  3 kobolds
  10 rats
136 creatures vanquished.

Vanquished Creatures (collateral kills)
  A sky beast (D:7)
  2 gnolls (D:7)
3 creatures vanquished.

Vanquished Creatures (others)
  A gnoll (D:7)
  A butterfly (D:4)
  256 foxfires
258 creatures vanquished.

Grand Total: 397 creatures vanquished

Notes
Turn   | Place    | Note
-------+----------+-------------------------------------------
     0 | D:1      | NinjaNoafa the Draconian Fire Elementalist began the quest
                  | for the Orb.
     0 | D:1      | Reached XP level 1. HP: 14/14 MP: 3/3
   249 | D:1      | Found Tibail's Jewellery Emporium.
   398 | D:1      | Reached XP level 2. HP: 20/20 MP: 0/5
   522 | D:1      | Reached skill level 1 in Shields
  1291 | D:2      | Reached XP level 3. HP: 26/26 MP: 3/6
  1466 | D:2      | Identified the +3 sling of the Building Gods {flame,
                  | *Corrode Int+10 Dex+5}
  2553 | D:3      | Identified a scroll of acquirement
  2556 | D:3      | Acquired the +4 buckler of Truth {+Inv Str+2 Stlth+}
  2589 | D:3      | Reached XP level 4. HP: 33/33 MP: 1/7
  2683 | D:3      | Found a glowing drain.
  2698 | Sewer    | Entered a sewer
  2833 | Sewer    | Learned a level 2 spell: Scorch
  2893 | Sewer    | Reached skill level 4 in Fire Magic
  2893 | Sewer    | Reached XP level 5. HP: 38/38 MP: 1/8
  3095 | D:3      | Found a glowing golden altar of the Shining One.
  3207 | D:3      | Found a faded altar of an unknown god.
  3350 | D:4      | Reached skill level 5 in Shields
  3350 | D:4      | Reached skill level 5 in Conjurations
  3350 | D:4      | Reached skill level 8 in Fire Magic
  3350 | D:4      | Reached XP level 6. HP: 24/45 MP: 5/13
  3668 | D:4      | Your scales start taking on a pale cyan-grey colour.
  3668 | D:4      | Reached skill level 1 in Evocations
  3668 | D:4      | Reached XP level 7. HP: 50/50 MP: 14/14
  3668 | D:4      | Gained mutation: You are immune to the effects of steam.
                  | [Pale Draconian growth]
  3824 | D:4      | Found a white marble altar of Elyvilon.
  4058 | D:5      | Entered Level 5 of the Dungeon
  4103 | D:5      | Reached skill level 5 in Spellcasting
  4256 | D:5      | Found Xatupeeq's Fire Supplies.
  4839 | D:6      | Found Jetan's Weapon Emporium.
  4900 | D:6      | Reached XP level 8. HP: 39/57 MP: 9/15
  4926 | D:6      | Learned a level 3 spell: Inner Flame
  4931 | D:6      | Learned a level 4 spell: Flame Wave
  5034 | D:6      | Found a staircase to the Ecumenical Temple.
  5056 | Temple   | Entered the Ecumenical Temple
  5176 | Temple   | Became a worshipper of Sif Muna the Loreminder
  5373 | D:6      | Found a shadowy altar of Dithmenos.
  5373 | D:6      | Found a sparkling altar of Nemelex Xobeh.
  5376 | D:6      | Found a hide-covered altar of Uskayaw.
  5396 | D:6      | Reached skill level 5 in Ranged Weapons
  5396 | D:6      | Gained mutation: You passively map a small area around you.
                  | [potion of mutation]
  5397 | D:6      | Lost mutation: You passively map a small area around you.
                  | [potion of mutation]
  5397 | D:6      | Gained mutation: You are partially covered in large bone
                  | plates. (SH +4) [potion of mutation]
  5397 | D:6      | Gained mutation: You have a beak for a mouth. [potion of
                  | mutation]
  5397 | D:6      | Gained mutation: Your muscles are strong. (Str +4, Int/Dex
                  | -1) [potion of mutation]
  5398 | D:6      | Lost mutation: Your muscles are strong. (Str +4, Int/Dex
                  | -1) [potion of mutation]
  5398 | D:6      | Lost mutation: You have a beak for a mouth. [potion of
                  | mutation]
  5398 | D:6      | Lost mutation: You are partially covered in large bone
                  | plates. (SH +4) [potion of mutation]
  5398 | D:6      | Gained mutation: You are occasionally teleported next to
                  | monsters. [potion of mutation]
  5398 | D:6      | Gained mutation: You expend magic power (3 MP) to
                  | strengthen your wands. [potion of mutation]
  5398 | D:6      | Gained mutation: Your spells are a little easier to cast,
                  | but a little less powerful. [potion of mutation]
  5398 | D:6      | Gained mutation: You are somewhat resistant to further
                  | mutation. [potion of mutation]
  5399 | D:6      | Lost mutation: You expend magic power (3 MP) to strengthen
                  | your wands. [potion of mutation]
  5399 | D:6      | Lost mutation: Your spells are a little easier to cast, but
                  | a little less powerful. [potion of mutation]
  5399 | D:6      | Lost mutation: You are occasionally teleported next to
                  | monsters. [potion of mutation]
  5399 | D:6      | Gained mutation: You expend magic power (3 MP) to
                  | strengthen your wands. [potion of mutation]
  5520 | D:6      | Found Quts's Book Boutique.
  5543 | D:6      | Found a shimmering altar of Xom.
  5552 | D:6      | Found Urphap's Weapon Shoppe.
  5900 | D:7      | Reached skill level 1 in Air Magic
  5901 | D:7      | Reached skill level 1 in Translocations
  5908 | D:7      | Reached skill level 1 in Hexes
  6079 | D:7      | Noticed Duvessa
  6082 | D:7      | Noticed Dowan
  6088 | D:7      | Killed Dowan
  6090 | D:7      | Killed Duvessa
  6184 | D:7      | Found a snail-covered altar of Cheibriados.
  6483 | D:7      | Reached XP level 9. HP: 62/62 MP: 12/16
  6536 | D:7      | Learned a level 3 spell: Kindle Blastsparks
  6645 | D:7      | Reached * piety under Sif Muna
  7406 | D:7      | Reached skill level 1 in Fighting
  7406 | D:7      | HP: 2/64 [poisoned by a killer bee]
  7408 | D:7      | Succumbed to a killer bee's poison

Illustrated notes

Levels and vault maps discovered:
D:1:      psy_arrival_statuary, layout_basic, serial_shops,
          nicolae_shop_hallway_plus, nicolae_concentric_dashed_squares_mild
D:2:      layout_loops_ring, minmay_worlds_worst_comb
D:3:      layout_rooms, general_overflow_altar, gup_sewer_entry_pipe,
          shapermc_ecumenical_altar_mp_vishouse
D:4:      layout_cave_pools, nicolae_elyvilon_peaceful_grove
D:5:      layout_gridville, nicolae_shop_fire_sale [nicolae_sub_dead_trees]
D:6:      layout_gridville, gammafunk_temple_overflow_claw,
          mainiacjoe_overflow_small_starburst, minmay_temple_entry_large_hall,
          serial_shops, shop, kennysheep_mini_moat,
          nicolae_shop_bloodbath_and_beyond
D:7:      kennysheep_slugbush, layout_basic, cheibriados_altar_1,
          enter_bailey_2, grunt_decor_clamped, eino_jars, uniq_duvessa
D:8:      layout_basic, grunt_temple_overflow_lords_of_destruction,
          serial_shops, nicolae_shop_hallway_stairs, uniq_gastronok
Temple:   nicolae_temple_two_arcs

Skill      XL: |  1  2  3  4  5  6  7  8  9 |
---------------+----------------------------+-----
Shields        | 1 2 5 |  5.6
Conjurations   | 2 5 |  5.8
Fire Magic     | 4 8 |  8.9
Ranged Weapons | 4 5 |  5.0
Spellcasting   | 4 5 |  5.0
Dodging        | 2 3 |  3.0
Stealth        | 2 3 |  3.0
Evocations     | 1 2 3 |  3.0
Air Magic      | 2 3 |  3.0
Translocations | 2 3 |  3.0
Hexes          | 1 3 |  3.0
Fighting       | 1 |  1.0

Action                   |  1- 3 |  4- 6 |  7- 9 || total
-------------------------+-------+-------+-------++-------
Melee: Unarmed           |     7 |       |       ||     7
       Falchion          |    21 |       |       ||    21
       Tailslap          |     3 |       |       ||     3
 Fire: Sling             |    18 |    55 |    70 ||   143
 Cast: Foxfire           |    80 |    19 |    64 ||   163
       Scorch            |       |     5 |    38 ||    43
       Inner Flame       |       |       |     2 ||     2
       Kindle Blastspark |       |       |     3 ||     3
       Flame Wave        |       |       |     1 ||     1
 Abil: Breathe Steam     |       |       |    11 ||    11
Evoke: Wand              |       |       |     1 ||     1
  Use: Scroll            |    10 |     2 |     8 ||    20
       Potion            |     4 |     2 |    15 ||    21
Armor: Skin              |    39 |     3 |    23 ||    65
Dodge: Dodged            |    57 |     6 |    56 ||   119
Block: Buckler           |       |     4 |    78 ||    82

Table legend: (Time is in decaauts)
 A = Elapsed time spent in this place.
 B = Non-inter-level travel time spent in this place.
 C = Inter-level travel time spent in this place.
 D = Time resting spent in this place.
 E = Time spent auto-exploring this place.
 F = Levels seen in this place.
 G = Mean time per level.
                   A        B        C        D        E       F      G
               +--------+--------+--------+--------+--------+-----+--------+
         Total |   7459 |   7217 |    242 |    238 |   5746 |  10 |  745.9 |
       Dungeon |   7009 |   6775 |    234 |    238 |   5400 |   8 |  876.1 |
        Temple |    129 |    121 |      8 |      0 |    104 |   1 |  129.0 |
         Sewer |    320 |    320 |      0 |      0 |    242 |   1 |  320.0 |
               +--------+--------+--------+--------+--------+-----+--------+

Top non-repeatable levels by time:
     D:7: 1298 daAuts
     D:2: 1289 daAuts
     D:1: 1257 daAuts
     D:6: 937 daAuts
     D:5: 762 daAuts
     D:4: 724 daAuts
     D:3: 520 daAuts
   Sewer: 320 daAuts
     D:8: 219 daAuts
  Temple: 129 daAuts
